 Dungeon Crawl Stone Soup version 0.20-a0-33-g996f6e0 (webtiles) character file.

172 Faca the Shield-Bearer (level 5, 0/53 HPs)
             Began as a Troll Fighter on Nov 9, 2016.
             Slain by a gnoll
             ... wielding a +0 club
              (7 damage)
             ... on level 3 of the Dungeon.
             The game lasted 00:17:26 (1607 turns).

Faca the Shield-Bearer (Troll Fighter)              Turns: 1607, Time: 00:17:27

Health: 0/53       AC:  5    Str: 24    XL:     5   Next: 27%
Magic:  4/4        EV:  8    Int:  4    God:
Gold:   101        SH:  9    Dex: 10    Spells: 0 memorised, 4 levels left

rFire  . . .     SeeInvis .     a - +0 flail
rCold  . . .     Gourm    +     b - +0 robe
rNeg   . . .     Faith    .     c - +0 shield
rPois  .         Spirit   .     (helmet restricted)
rElec  .         Reflect  .     (no cloak)
rCorr  .         Harm     .     (gloves unavailable)
MR     .....                    (boots unavailable)
Stlth  +.........               (no amulet)
                                (no ring)
                                (no ring)

@: no status effects
A: unfitting armour, claws 3, fast metabolism 3, gourmand, regeneration 1,
shaggy fur 1, tough skin 2
a: no special abilities


You were on level 3 of the Dungeon.
You were very full.

You visited 1 branch of the dungeon, and saw 3 of its levels.

You collected 101 gold pieces.

Inventory:

Hand Weapons
 a - a +0 flail (weapon)
 k - a +2 hunting sling of velocity
Armour
 b - a +0 robe (worn)
 c - a +0 shield (worn)
Scrolls
 l - 3 scrolls of remove curse
 o - a scroll of noise {unknown}
 p - a scroll of fear {unknown}
Potions
 d - a potion of might
 e - 5 potions of curing {unknown}
 j - a potion of haste {unknown}
 m - a potion of agility {unknown}
 n - a potion of degeneration {unknown}
Comestibles
 f - 6 bread rations
 g - a meat ration
 h - a slice of pizza
 i - 4 fruits


   Skills:
 + Level 3.0 Fighting
 + Level 3.1 Maces & Flails
 + Level 3.1 Dodging
 + Level 0.1 Stealth
 + Level 3.2 Shields


You had 4 spell levels left.
You didn't know any spells.

Dungeon Overview and Level Annotations

Branches:
Dungeon (3/15)

Altars:


Innate Abilities, Weirdness & Mutations

You are too large for most types of armour.
You have claws for hands.
Your metabolism is lightning-fast.
You like to eat raw meat.
Your natural rate of healing is unusually fast.
You are covered in fur. (AC +1)
You have very tough skin. (AC +2)


Message History

The gnoll is moderately wounded.
The hound bites you but does no damage. The gnoll hits you with a club.
The hound bites you.
You hit the gnoll but do no damage.
The gnoll is moderately wounded.
You block the hound's attack. You block the gnoll's attack.
You block the hound's attack.
You sock the hound!
The hound is severely wounded.
The hound completely misses you. The gnoll hits you with a club.
You hit the hound.
You kill the hound!
The gnoll hits you with a club.
* * * LOW HITPOINT WARNING * * *
You sock the gnoll!
The gnoll is almost dead.
The gnoll hits you with a club!
* * * LOW HITPOINT WARNING * * *
The gnoll hits you with a club!
You die...

#.......# #...#######
#.......###..........
#.†.###..............
##.## #.####.#######.
##.# #.# #.# ...# #.#
#.####### # ##.# #.#
#.......# ... #.#
#.##########.#.....
... #........g@†...#
.... .. ..?..####.###
...## ### #.# #####
#.# #.# #.# #.# .#


You could see a gnoll.

Vanquished Creatures
  A hound (D:3)
  A worker ant (D:3)
  3 gnolls (D:3)
  4 adders (D:2)
  A worm (D:2)
  3 leopard geckos
  3 ball pythons
  A giant cockroach (D:3)
  6 goblins
  7 hobgoblins
  2 jackals (D:3)
  5 kobolds
  A quokka (D:2)
  3 bats
  4 frilled lizards
  2 rats (D:1)
47 creatures vanquished.

Notes
Turn   | Place    | Note
-------+----------+-------------------------------------------
     0 | D:1      | Faca the Troll Fighter began the quest for the Orb.
     0 | D:1      | Reached XP level 1. HP: 22/22 MP: 0/0
   191 | D:1      | Reached XP level 2. HP: 29/29 MP: 1/1
   650 | D:2      | Reached XP level 3. HP: 36/36 MP: 2/2
   929 | D:2      | Reached XP level 4. HP: 44/44 MP: 3/3
  1598 | D:3      | Reached XP level 5. HP: 41/53 MP: 4/4
  1607 | D:3      | Slain by a gnoll

Vault maps used:
D:1:      eino_arrival_druids_welcome, kennysheep_pointless_box
D:2:      first_bread, minivault_27, amethyst_killhole
D:3:      uniq_terence

Skill      XL: |  1  2  3  4 |
---------------+-------------+-----
Maces & Flails | 2 3 |  3.1
Shields        | 3 |  3.2
Fighting       | 3 |  3.0
Dodging        | 3 |  3.1
Stealth        | |  0.1

Action                   |  1- 3 |  4- 6 || total
-------------------------+-------+-------++-------
Melee: Flail             |   126 |    80 ||   206
  Use: Scroll            |     1 |       ||     1
  Eat: Chunk             |    14 |     6 ||    20
Armor: Robe              |    57 |    33 ||    90
Dodge: Dodged            |    52 |    26 ||    78
Block: Shield            |    64 |    34 ||    98
